 Dungeon Crawl Stone Soup version 0.29-a0-997-gf6f7e2dfe7 (webtiles) character file.

Game seed: 16092008027612798960

112 IdlyInterested the Poker (level 4, 0/33 HPs)
             Began as a Demonspawn Gladiator on Aug 4, 2022.
             Succumbed to Sigmund's poison
             ... on level 3 of the Dungeon.
             The game lasted 00:06:50 (2604 turns).

IdlyInterested the Poker (Demonspawn Gladiator)     Turns: 2604, Time: 00:06:50

Health: 0/33       AC:  7    Str: 17    XL:     4   Next: 64%
Magic:  4/4        EV: 11    Int:  9    God:
Gold:   98         SH:  0    Dex: 14    Spells: 3/3 levels left

rFire   . . .      SeeInvis .   m - +0 halberd
rCold   . . .      Faith    .   (shield currently unavailable)
rNeg    . . .      Spirit   .   j - +0 ring mail
rPois   .          Reflect  .   c - +0 helmet
rElec   .          Harm     .   (no cloak)
rCorr   .          Rampage  .   n - +0 pair of gloves
Will    .....                   (no boots)
Stlth   ..........              (no amulet)
HPRegen 0.11/turn               (no ring)
MPRegen 0.09/turn               (no ring)

@: confused, lethally poisoned (0 -> -9), hasted, very quick
A: foul stench 1, condensation shield
a: no special abilities


You were on level 3 of the Dungeon.
You visited 1 branch of the dungeon, and saw 3 of its levels.

You collected 98 gold pieces.

Inventory:

Hand Weapons
 a - a +0 trident
 b - a +0 trident
 m - a +0 halberd (weapon)
Missiles
 d - a throwing net
 e - 4 javelins
 k - 2 atropa-tipped darts
 l - 5 poisoned darts (quivered)
Armour
 c - a +0 helmet (worn)
 j - a +0 ring mail (worn)
 n - a +0 pair of gloves (worn)
Scrolls
 f - 5 scrolls of identify {unknown}
 i - a scroll of enchant armour {unknown}
 p - a scroll of acquirement {unknown}
 q - a scroll of immolation {unknown}
 s - a scroll of torment {unknown}
Potions
 g - a potion of heal wounds {unknown}
 h - a potion of brilliance {unknown}
 o - 2 potions of curing {unknown}
 r - 2 potions of haste


   Skills:
 - Level 2.0 Fighting
 * Level 4.4 Polearms
 - Level 1.7 Throwing
 - Level 1.0 Armour
 - Level 2.6 Dodging
 - Level 1.0 Stealth
 - Level 1.0 Evocations


You had 3 spell levels left.
You didn't know any spells.
Your spell library was empty.

Dungeon Overview and Level Annotations

Branches:
Dungeon (3/15)

Altars:

Annotations:
D:3 Sigmund


Innate Abilities, Weirdness & Mutations

You may rarely emit foul miasma when damaged in melee.
A meltable shield of frost defends you. (SH +0)


Message History

You catch the helpless Sigmund completely off-guard!
You hit Sigmund.
Sigmund is heavily wounded.
Sigmund struggles against the net.
You barely miss Sigmund.
Sigmund is heavily wounded.
Sigmund struggles against the net.
The net rips apart, and Sigmund comes free!
You puncture Sigmund!
Sigmund is almost dead.
Sigmund hits you with a +2 scythe of venom!
You are poisoned.
You barely miss Sigmund.
Sigmund is almost dead.
You feel very sick.
Sigmund hits you with a +2 scythe of venom.
You are lethally poisoned!
Throw: 2 throwing nets
Press: ? - help, Shift-Dir - straight line, f/p - Sigmund
Aim: Sigmund, wielding a +2 scythe of venom and wearing a +0 robe (almost dead, 55% to hit)
You throw a throwing net. The throwing net hits Sigmund.
Sigmund is caught in the net!
Sigmund is almost dead.
You feel very sick.
Sigmund struggles against the net.
You hit Sigmund but do no damage.
Sigmund is almost dead.
* * * LOW HITPOINT WARNING * * *
You feel very sick.
Sigmund struggles against the net.
You catch the helpless Sigmund completely off-guard!
You hit Sigmund.
Sigmund is almost dead.
* * * LOW HITPOINT WARNING * * *
You feel very sick. Sigmund casts a spell at you.
You are confused.
Sigmund struggles against the net.
It was a potion of haste.
You feel yourself speed up.
You die...

..... ####........#
......#...........#
......#.##........#
...........>......#
#######.###.#'#####
########.# #.#.#
.........# #.#.#####
.......(.# #....@..#
...........+.>..@..#
.........###.$.....#
.........# ###+#####
.........#
.........#
...^......


You could see Sigmund (caught).

Vanquished Creatures
  3 gnolls (D:2)
  3 adders (D:2)
  A worm (D:3)
  4 dart slugs
  2 ball pythons
  7 endoplasms
  A giant cockroach (D:2)
  A goblin (D:2)
  7 hobgoblins
  2 jackals (D:1)
  2 kobolds
  3 quokkas
  3 bats
  A frilled lizard (D:2)
  3 rats
43 creatures vanquished.

Notes
Turn   | Place    | Note
-------+----------+-------------------------------------------
     0 | D:1      | IdlyInterested the Demonspawn Gladiator began the quest for
                  | the Orb.
     0 | D:1      | Reached XP level 1. HP: 16/16 MP: 1/1
   257 | D:1      | Reached skill level 3 in Polearms
   434 | D:1      | Gained mutation: A meltable shield of frost defends you.
                  | (SH +0) [demonic ancestry]
   434 | D:1      | Reached XP level 2. HP: 22/22 MP: 2/2
   645 | D:1      | Reached skill level 1 in Armour
  1247 | D:2      | Gained mutation: You may rarely emit foul miasma when
                  | damaged in melee. [demonic ancestry]
  1247 | D:2      | Reached XP level 3. HP: 27/27 MP: 3/3
  1265 | D:2      | Reached skill level 1 in Stealth
  1681 | D:2      | Reached skill level 4 in Polearms
  1681 | D:2      | Reached XP level 4. HP: 33/33 MP: 4/4
  1804 | D:2      | Reached skill level 1 in Evocations
  2374 | D:3      | Found a faded altar of an unknown god.
  2588 | D:3      | Noticed Sigmund
  2604 | D:3      | Succumbed to Sigmund's poison

Illustrated notes

Levels and vault maps discovered:
D:1:      minmay_arrival_split_and_join, layout_loops_ring
D:2:      layout_basic
D:3:      layout_basic, shapermc_ecumenical_altar_pompeii,
          ebering_ghost_sewer_f, uniq_sigmund

Skill      XL: |  1  2  3  4 |
---------------+-------------+-----
Polearms       | 3 4 |  4.4
Armour         | 1 |  1.0
Stealth        | 1 |  1.0
Evocations     | 1 |  1.0
Fighting       | |  2.0
Throwing       | |  1.7
Dodging        | |  2.6

Action                   |  1- 3 |  4- 6 || total
-------------------------+-------+-------++-------
Melee: Trident           |    84 |       ||    84
       Punch             |     1 |       ||     1
       Halberd           |    16 |    56 ||    72
Throw: Dart              |     3 |       ||     3
       Javelin           |     1 |       ||     1
       Throwing net      |       |     2 ||     2
  Use: Potion            |       |     1 ||     1
 Stab: Sleeping          |     1 |     1 ||     2
       Held in net/web   |       |     3 ||     3
Armor: Leather armour    |     7 |       ||     7
       Ring mail         |    18 |    21 ||    39
Dodge: Dodged            |    59 |    24 ||    83
Block: Other             |    10 |     7 ||    17

Table legend: (Time is in decaauts)
 A = Elapsed time spent in this place.
 B = Non-inter-level travel time spent in this place.
 C = Inter-level travel time spent in this place.
 D = Time resting spent in this place.
 E = Time spent auto-exploring this place.
 F = Levels seen in this place.
 G = Mean time per level.
                   A        B        C        D        E       F      G
               +--------+--------+--------+--------+--------+-----+--------+
         Total |   2637 |   2319 |    318 |    375 |   1426 |   3 |  879.0 |
       Dungeon |   2637 |   2319 |    318 |    375 |   1426 |   3 |  879.0 |
               +--------+--------+--------+--------+--------+-----+--------+

Top non-repeatable levels by time:
     D:2: 1297 daAuts
     D:1: 1222 daAuts
     D:3: 117 daAuts
